 Dungeon Crawl Stone Soup version 0.16-a0-702-gf4f471d (webtiles) character file.

3 RobertPalmer the Changer (level 1, 0/13 HPs)
             Began as an Octopode Wanderer on Sept 20, 2014.
             Slain by a kobold
             ... wielding a +0 short sword
              (3 damage)
             ... on Level 1 of the Dungeon.
             The game lasted 00:01:06 (280 turns).

RobertPalmer the Changer (Octopode Wanderer)         Turns: 280, Time: 00:01:06

HP   0/13        AC  1     Str 12      XL: 1   Next: 50%
MP   2/3         EV 11     Int 13      God:
Gold 0           SH  0     Dex 11      Spells:  1 memorised,  3 levels left

rFire  . . .     SeeInvis .     (no weapon)
rCold  . . .     Clarity  .     (no shield)
rNeg   . . .     rCorr    .     (helmet restricted)
rPois  .         rRot     .     (no amulet)
rElec  .         Spirit   .     (no ring)
SustAb .         Warding  .     (no ring)
rMut   .         Stasis   .     (no ring)
Gourm  .                        (no ring)
MR     .....                    (no ring)
                                (no ring)
                                (no ring)
                                (no ring)

@: not resistant to hostile enchantments, fairly stealthy
A: almost no armour, amphibious, 8 rings, constrict 8, camouflage 1, gelatinous
body 1
a: no special abilities


You were on level 1 of the Dungeon.
You were not hungry.

You visited 1 branch of the dungeon, and saw 1 of its levels.


Innate Abilities, Weirdness & Mutations

You cannot wear most types of armour.
You are amphibious.
You can wear up to eight rings at the same time.
You can use your tentacles to constrict many enemies at once.
Your skin changes colour to match your surroundings (Stealth).
Your rubbery body absorbs attacks (AC +1).


   Skills:
 - Level 1.0 Fighting
   Level 2.0 Bows
 + Level 1.5 Stealth
   Level 1.0 Shields
 - Level 2.0 Spellcasting
   Level 3.0 Transmutations
 - Level 1.1 Evocations


You had 3 spell levels left.
You knew the following spells:

 Your Spells              Type           Power        Failure   Level  Hunger
z - Summon Small Mammal   Summ           #...         24%         1    ##.....

Inventory:

Magical devices
 a - a wand of confusion (13)
Comestibles
 d - a rotting chunk of rat flesh {@*1}
 f - a bread ration
 g - a rotting chunk of giant cockroach flesh {@*1}
 h - 3 fruits
Scrolls
 c - a scroll of identify {unknown}
Potions
 b - a potion of curing

Dungeon Overview and Level Annotations

Branches:
Dungeon (1/15)

Altars:

#...........#
#.#.....
#...........##
#.#.....
####.........#
#.##... ##.........#
#.. .. .#.........#
##. .#.........+
######.#.......Kr#
.......#########K#
#.......#######@#
#.⌠...⌠.........###
#..###...##.##....#
#..'<#...##.##....#
#.)###...##.##....#
#.⌠...⌠.....##....###
#........##.........#
###......#####....#.#
######## #....#.#


You could see 2 kobolds and a rat.


Message History

The bat hits you but does no damage. The bat hits you but does no damage.
The bat hits you but does no damage. The bat barely misses you.
The bat barely misses you. The bat hits you but does no damage.
The bat barely misses you.
You tentacle-slap the bat but do no damage.
The bat is heavily wounded.
The bat closely misses you.
You barely miss the bat.
The bat is heavily wounded.
The bat barely misses you. The bat hits you but does no damage.
You closely miss the bat. You grab the bat.
The bat is heavily wounded.
You constrict the bat. The bat hits you.
* * * LOW HITPOINT WARNING * * *
The bat closely misses you.
You tentacle-slap the bat but do no damage.
The bat is severely wounded.
You constrict the bat.
You kill the bat!
Evoke which item? (* to show all) (? for menu, Esc to quit)
Zapping:
a - a wand of confusion (14)
Aim: a kobold, wielding a short sword (severely wounded)
The kobold appears confused.
This wand has 13 charges left.
The kobold closely misses the rat.
You barely miss the kobold.
The kobold is severely wounded.
The kobold hits you with a short sword.
You die...

Action                   || total
-------------------------++-------
Melee: Unarmed           ||    16
 Cast: Summon Small Mamm ||     2
Evoke: Wand              ||     2
  Use: Scroll            ||     1
 Stab: Sleeping          ||     1

Vault maps used:
D:1:      scummos_arrival_simple_fountains, item_on_display_a

Notes
Turn   | Place    | Note
--------------------------------------------------------------
     0 | D:1      | RobertPalmer, the Octopode Wanderer, began the quest for the Orb.
     0 | D:1      | Reached XP level 1. HP: 13/13 MP: 3/3
   168 | D:1      | Reached skill level 1 in Stealth
   280 | D:1      | Slain by a kobold

Vanquished Creatures
  A bat (D:1)
  A giant cockroach (D:1)
  A giant gecko (D:1)
  A rat (D:1)
4 creatures vanquished.

Vanquished Creatures (others)
  2 rats (D:1)
2 creatures vanquished.

Grand Total: 6 creatures vanquished
